 Dungeon Crawl Stone Soup version 0.27-a0-1123-g2f9bb313c0 (webtiles) character file.

Game seed: 2782580228000538874

127 robertstho the Skirmisher (level 4, -1/63 HPs)
             Began as a Minotaur Berserker on May 3, 2021.
             Was a Priest of Trog.
             Slain by Ijyb
             ... wielding a +2 dagger of electrocution
              (2 damage)
             ... while paralysed by Ijyb
             ... on level 3 of the Dungeon.
             The game lasted 00:02:26 (2057 turns).

robertstho the Skirmisher (Minotaur Berserker)      Turns: 2057, Time: 00:02:26

Health: -1/63      AC:  2    Str: 22    XL:     4   Next: 85%
Magic:  3/3        EV:  2    Int:  5    God:    Trog [***...]
Gold:   121        SH:  0    Dex:  9    Spells: 3/3 levels left

rFire    . . .     SeeInvis .   a - +0 hand axe
rCold    . . .     Faith    .   (no shield)
rNeg     . . .     Spirit   .   b - +0 animal skin
rPois    .         Reflect  .   (helmet restricted)
rElec    .         Harm     .   (no cloak)
rCorr    .         Rampage  .   (no gloves)
Will     .....                  (no boots)
Stlth    ..........             (no amulet)
HPRegen  0.20/turn              (no ring)
MPRegen  0.08/turn              (no ring)

@: paralysed, berserking (expiring), very slow
A: horns 2, retaliatory headbutt
a: Renounce Religion, Berserk, Trog's Hand


You were on level 3 of the Dungeon.
You worshipped Trog.
Trog was most pleased with you.
You visited 1 branch of the dungeon, and saw 3 of its levels.

You collected 121 gold pieces.

Inventory:

Hand Weapons
 a - a +0 hand axe (weapon)
Armour
 b - a +0 animal skin (worn)
Jewellery
 i - a ring of protection from cold
Wands
 k - a wand of digging (4)
Scrolls
 c - a scroll of immolation {unknown}
 e - 4 scrolls of identify {unknown}
 f - a scroll of enchant weapon {unknown}
 j - 2 scrolls of fear {unknown}
Potions
 d - 2 potions of haste {unknown}
 g - a potion of invisibility {unknown}
 h - a potion of magic {unknown}


   Skills:
 * Level 5.1 Fighting
 + Level 4.8 Axes
 * Level 3.2 Armour
 + Level 2.6 Dodging
 + Level 0.5 Stealth


You had 3 spell levels left.
You didn't know any spells.
Your spell library was empty.

Dungeon Overview and Level Annotations

Branches:
Dungeon (3/15)

Altars:
Kikubaaqudgha

Annotations:
D:3 Ijyb


Innate Abilities, Weirdness & Mutations

You have a pair of horns on your head.
You reflexively headbutt those who attack you in melee.


Message History

You slash the gnoll!
The gnoll is almost dead.
You hit the plant but do no damage. The gnoll closely misses you.
You furiously retaliate!
You headbutt the gnoll.
You kill the gnoll!
Trog accepts your kill.
You barely miss Ijyb. You headbutt Ijyb, but do no damage. You hit the adder.
You hit the plant but do no damage.
A nearby plant withers and dies.
The adder misses you. You furiously retaliate!
You headbutt the adder. Ijyb closely misses you. The adder bites you.
Unknown command.
A red film seems to cover your vision as you go berserk!
You feel yourself moving faster!
You feel mighty!
Ijyb screams, "It's all mine!"
Ijyb zaps a wand.
You suddenly lose the ability to move!
The adder bites you.
A gnoll comes into view. It is wielding a +0 club.
Ijyb screams, "I no like you!"
Ijyb zaps a wand.
You shrug off the repeated paralysis!
The adder bites you.
You are poisoned.
The adder poisons you!
A gnoll comes into view. It is wielding a +0 flail.
You feel sick.
The gnoll shouts!
The adder bites you.
Ijyb hits you with a +2 dagger of electrocution.
You feel sick. The adder bites you but does no damage.
Ijyb zaps a wand.
You shrug off the repeated paralysis!
The adder bites you.
You feel sick.
Ijyb hits you with a +2 dagger of electrocution.
You are electrocuted!!
* * * LOW HITPOINT WARNING * * *
The adder bites you.
* * * LOW HITPOINT WARNING * * *
The gnoll hits you with a +0 club!
* * * LOW HITPOINT WARNING * * *
* * * LOW HITPOINT WARNING * * *
You feel sick.
You are no longer poisoned.
Ijyb hits you with a +2 dagger of electrocution.
You die...

#.# #.# ###.#####
#....!..#
.#.######.#.....###
..................'
#.###..P...P...###..
##P≈≈≈≈.≈Sg.g....
#..≈≈≈.≈≈@g...#
#.≈P≈≈≈≈≈≈)≈P.#
#♣.≈≈≈≈≈≈≈≈≈..#
#.P♣≈≈.≈≈.≈≈.##
#..≈≈♣≈≈≈≈≈..#
##..♣..♣...#.#
#.###.###.### #.#
#.###.# #.# ...


You could see Ijyb, 2 gnolls and an adder.

Vanquished Creatures
  A jelly (D:2)
  A gnoll (D:3)
  A worm (D:3)
  2 dart slugs
  6 ball pythons (D:1)
  12 endoplasms
  6 giant cockroaches
  7 goblins
  2 hobgoblins
  9 jackals
  2 quokkas (D:2)
  3 bats
  6 frilled lizards
  10 kobolds
  A quokka skeleton (D:3)
  4 rats
73 creatures vanquished.

Vanquished Creatures (others)
  3 fungi (D:2)
  3 plants (D:3)
  7 toadstools (D:2)
13 creatures vanquished.

Grand Total: 86 creatures vanquished

Notes
Turn   | Place    | Note
-------+----------+-------------------------------------------
     0 | D:1      | robertstho the Minotaur Berserker began the quest for the
                  | Orb.
     0 | D:1      | Reached XP level 1. HP: 19/19 MP: 0/0
    36 | D:1      | Found a faded altar of an unknown god.
    81 | D:1      | Reached skill level 4 in Fighting
    83 | D:1      | Reached XP level 2. HP: 17/27 MP: 1/1
   611 | D:2      | Reached XP level 3. HP: 29/34 MP: 2/2
   614 | D:2      | Reached ** piety under Trog
  1483 | D:2      | Reached skill level 5 in Fighting
  1483 | D:2      | Reached XP level 4. HP: 37/42 MP: 3/3
  1788 | D:3      | Reached *** piety under Trog
  1806 | D:3      | Found an ancient bone altar of Kikubaaqudgha.
  2046 | D:3      | Noticed Ijyb
  2052 | D:3      | Paralysed by Ijyb for 7 turns
  2056 | D:3      | HP: 2/63 [gnoll/+0 club (9)]
  2057 | D:3      | Slain by Ijyb

Illustrated notes

Levels and vault maps discovered:
D:1:      evilmike_arrival_hilbert_curve, layout_rooms, basic_ecumenical_altar,
          moated_statue, minmay_crystal_water
D:2:      cheibrodos_fertilizer, layout_loops_ring,
          chequers_serial_rivers_marsh, kennysheep_generic_room_9
D:3:      layout_loops_corners, lemuel_round_altar,
          amethyst_overflow_temple_binary, serial_bayou, serial_bayou_pond_e,
          serial_bayou_pond_a, serial_bayou_pond_b, serial_bayou_pond_b,
          grunt_ministairs_13, kennysheep_pointless_box,
          roderic_serpentine_path, uniq_ijyb

Skill      XL: |  1  2  3 |
---------------+----------+-----
Fighting       | 4 5 |  5.1
Axes           | 4 |  4.8
Armour         | 3 |  3.2
Dodging        | |  2.6
Stealth        | |  0.5

Action                   |  1- 3 |  4- 6 || total
-------------------------+-------+-------++-------
Melee: Hand axe          |    96 |    27 ||   123
       Headbutt          |    16 |     5 ||    21
Invok: Berserk           |     3 |     1 ||     4
 Stab: Sleeping          |     1 |       ||     1
Armor: Animal skin       |    27 |     3 ||    30
Dodge: Dodged            |    63 |    17 ||    80

Table legend: (Time is in decaauts)
 A = Elapsed time spent in this place.
 B = Non-inter-level travel time spent in this place.
 C = Inter-level travel time spent in this place.
 D = Time resting spent in this place.
 E = Time spent auto-exploring this place.
 F = Levels seen in this place.
 G = Mean time per level.
                   A        B        C        D        E       F      G
               +--------+--------+--------+--------+--------+-----+--------+
         Total |   2101 |   2022 |     79 |     99 |   1600 |   3 |  700.3 |
       Dungeon |   2101 |   2022 |     79 |     99 |   1600 |   3 |  700.3 |
               +--------+--------+--------+--------+--------+-----+--------+

Top non-repeatable levels by time:
     D:2: 1207 daAuts
     D:1: 599 daAuts
     D:3: 294 daAuts
